 Dungeon Crawl Stone Soup version 0.31-a0-844-gdc52ec4e09 (webtiles) character file.

Game seed: 9849301430545346578

43 Ijustatesigmund the Firebug (level 3, 0/20 HPs)
             Began as a Deep Elf Fire Elementalist on Sept 28, 2023.
             Slain by a jackal (2 damage)
             ... on level 2 of the Dungeon.
             The game lasted 00:01:52 (1635 turns).

Ijustatesigmund the Firebug (DEFE)                  Turns: 1635, Time: 00:01:53

Health: 0/20       AC:  2    Str:  5    XL:     3   Next: 37%
Magic:  5/10       EV: 12    Int: 21    God:
Gold:   81         SH:  0    Dex: 15    Spells: 6/9 levels left

rFire   . . .        e - staff of air
rCold   . . .        (no shield)
rNeg    . . .        a - +0 robe
rPois   +            (no helmet)
rElec   +            (no cloak)
rCorr   .            (no gloves)
SInv    .            (no boots)
Will    .....        h - amulet of the acrobat
Stlth   ++           d - ring of poison resistance
HPRegen 0.23/turn    (no ring)
MPRegen 0.12/turn

%: acrobat
@: no status effects
A: no striking features
a: no special abilities


You were on level 2 of the Dungeon.
You visited 1 branch of the dungeon, and saw 2 of its levels.

You collected 81 gold pieces.

Inventory:

Armour
 a - a +0 robe (worn)
Magical Staves
 e - a staff of air (weapon)
Jewellery
 d - a ring of poison resistance (left hand)
 h - an amulet of the acrobat (around neck)
Potions
 b - 2 potions of magic
 c - a potion of attraction
 f - a potion of haste {unknown}
 g - 2 potions of might {unknown}
 j - a potion of invisibility {unknown}


   Skills:
 + Level 1.1 Fighting
 - Level 2.4 Dodging
 - Level 2.4 Stealth
 + Level 3.7 Spellcasting
 + Level 1.9 Conjurations
 + Level 3.7 Fire Magic


You had 6 spell levels left.
You knew the following spells:

 Your Spells              Type           Power      Damage    Failure   Level
a - Foxfire               Conj/Fire      60%        2x1d7     3%          1
b - Scorch                Fire           38%        2d6       4%          2

Your spell library contained the following spells:

 Spells                   Type           Power      Damage    Failure   Level
 Magic Dart               Conj           48%        1d5       5%          1
 Inner Flame              Hex/Fire       11%        N/A       17%         3
 Volatile Blastmotes      Fire/Tloc      22%        2d11      17%         3
 Call Imp                 Summ           6%         N/A       19%         2
 Mephitic Cloud           Conj/Pois/Air  10%        N/A       28%         3
 Flame Wave               Conj/Fire      15%        2d7       36%         4


Dungeon Overview and Level Annotations

Branches:
Dungeon (2/15)

Altars:


Message History

The orc hits you but does no damage. The rat barely misses you.
The jackal closely misses you. x2
The foxfire hits the jackal.
The jackal is heavily wounded.
The foxfire hits the jackal but does no damage.
The jackal is heavily wounded.
The jackal completely misses you. The orc barely misses you.
The rat completely misses you.
Casting: Foxfire (safe; 3% risk of failure)
Confirm with . or Enter, or press ? or * to list all spells.
You conjure some foxfire!
The jackal misses you. The jackal bites you. x2
The orc hits you with a +0 flail. The rat closely misses you.
The jackal barely misses you.
The foxfire hits the jackal but does no damage.
The foxfire hits the jackal.
The jackal is severely wounded.
The jackal completely misses you. The jackal misses you.
The jackal closely misses you. The orc misses you.
The rat completely misses you. The jackal completely misses you.
The jackal closely misses you.
Found 2 bubbling blue potions and 5 stones.
The jackal attacks as it pursues you! The jackal completely misses you.
The jackal closely misses you. The jackal attacks as it pursues you!
The jackal completely misses you. The jackal completely misses you.
The jackal bites you. The jackal attacks as it pursues you!
The jackal closely misses you. The orc attacks as it pursues you!
The orc completely misses you.
The rat twitches its whiskers.
The jackal misses you. The orc attacks as it pursues you!
The orc hits you with a +0 flail!
* * * LOW HITPOINT WARNING * * *
The jackal misses you. The orc attacks as it pursues you!
The orc hits you with a +0 flail.
* * * LOW HITPOINT WARNING * * *
The jackal attacks as it pursues you! The jackal barely misses you.
There is a stone staircase leading up here.
The jackal bites you.
* * * LOW HITPOINT WARNING * * *
The jackal barely misses you. x2; The jackal bites you.
You die...

.#......)...#.#####.# ##.....
.#..............†##.##........
#...........#...........#.....
#<..........#.##.##.###†...?>.
..#..[.....##.#.....##........
.#......... #.........%.......
........... #.................
##......... #...rh............
##......... #...@ho...........
#......... #....h...........#
##........ #................#
#.......#....[.............#
..######.................##
#.# #...(.....##!....##
#....###### ###..# #....


You could see an orc, 3 jackals and a rat.

Vanquished Creatures
  An adder (D:2)
  A worm (D:2)
  5 ball pythons
  A bat (D:1)
  An endoplasm (D:1)
  2 giant cockroaches (D:1)
  5 hobgoblins
  3 jackals
  2 quokkas (D:1)
  4 frilled lizards
  2 kobolds
  2 rats (D:1)
29 creatures vanquished.

Vanquished Creatures (others)
  89 foxfires
89 creatures vanquished.

Grand Total: 118 creatures vanquished

Notes
Turn   | Place    | Note
-------+----------+-------------------------------------------
     0 | D:1      | Ijustatesigmund the Deep Elf Fire Elementalist began the
                  | quest for the Orb.
     0 | D:1      | Reached XP level 1. HP: 10/10 MP: 6/6
   343 | D:1      | Reached XP level 2. HP: 16/16 MP: 5/8
   352 | D:1      | Learned a level 2 spell: Scorch
  1286 | D:2      | Reached skill level 1 in Fighting
  1286 | D:2      | Reached XP level 3. HP: 20/20 MP: 2/10
  1635 | D:2      | Slain by a jackal

Illustrated notes

Levels and vault maps discovered:
D:1:      dpeg_arrival_simpleton_b, layout_basic
D:2:      layout_rooms, basic_altar

Skill      XL: |  1  2 |
---------------+-------+-----
Fighting       | 1 |  1.1
Dodging        | |  2.4
Stealth        | |  2.4
Spellcasting   | |  3.7
Conjurations   | |  1.9
Fire Magic     | |  3.7

Action                     || total
---------------------------++-------
  Melee: Staff             ||     2
   Cast: Foxfire           ||    54
         Scorch            ||     4
    Use: Scroll            ||     3
 Armour: Robe              ||    11
  Dodge: Dodged            ||    36

Table legend: (Time is in decaauts)
 A = Elapsed time spent in this place.
 B = Non-inter-level travel time spent in this place.
 C = Inter-level travel time spent in this place.
 D = Time resting spent in this place.
 E = Time spent auto-exploring this place.
 F = Levels seen in this place.
 G = Mean time per level.
                   A        B        C        D        E       F      G
               +--------+--------+--------+--------+--------+-----+--------+
         Total |   1633 |   1598 |     35 |    290 |   1093 |   2 |  816.5 |
       Dungeon |   1633 |   1598 |     35 |    290 |   1093 |   2 |  816.5 |
               +--------+--------+--------+--------+--------+-----+--------+

Top non-repeatable levels by time:
     D:1: 1134 daAuts
     D:2: 499 daAuts
